 Dungeon Crawl Stone Soup version 0.20.1-1-g8b1a95d (webtiles) character file.

120 acidapple the Ruffian (level 4, -2/35 HPs)
             Began as a Draconian Transmuter on Sept 7, 2017.
             Slain by a kobold (3 damage)
             ... on level 3 of the Dungeon.
             The game lasted 00:03:24 (1586 turns).

acidapple the Ruffian (Draconian Transmuter)        Turns: 1586, Time: 00:03:24

Health: -2/35      AC:  2    Str: 10 (12) XL:     4   Next: 75%
Magic:  5/7        EV: 19    Int: 15 (17) God:
Gold:   81         SH:  0    Dex: 14 (16) Spells: 1/7 levels left

rFire    . . .     SeeInvis .     - Unarmed
rCold    . . .     Gourm    .   (shield currently unavailable)
rNeg     . . .     Faith    .   (armour unavailable)
rPois    x         Spirit   .   (helmet currently unavailable)
rElec    .         Reflect  .   (cloak currently unavailable)
rCorr    .         Harm     .   (gloves currently unavailable)
MR       +....     Clarity  +   (boots currently unavailable) Stlth +.........Rnd*Tele +
                                (no amulet)
Regen    0.2/turn               o - ring of protection from magic
MPRegen  0.1/turn               s - ring of teleportation (curse)

@: lethally poisoned (-2 -> -13), spider-form (expiring), flying, hasted and
slowed
A: unfitting armour, clarity, clever 1, evolution 1, AC +5
a: End Transformation


You were on level 3 of the Dungeon.
You were not hungry.
You were a venomous arachnid creature.
You visited 1 branch of the dungeon, and saw 3 of its levels.

You collected 81 gold pieces.

Inventory:

Missiles
 a - 22 arrows
Armour
 d - a +0 pair of boots (melded)
 e - a +0 cloak (melded)
 f - a +0 pair of gloves (melded)
Jewellery
 o - a ring of protection from magic (left front leg)
 s - a cursed ring of teleportation (right front leg)
Scrolls
 q - a scroll of magic mapping
 r - a scroll of enchant weapon {unknown}
Potions
 l - a potion of resistance {unknown}
 n - a potion of curing {unknown}
Books
 b - a book of Changes

   Spells                             Type                      Level
   a - Beastly Appendage              Transmutation                1
   b - Sticks to Snakes               Transmutation                2
   c - Spider Form                    Transmutation/Poison         3
   d - Ice Form                       Ice/Transmutation            4
   e - Blade Hands                    Transmutation                5
Comestibles
 c - 2 bread rations
 j - a royal jelly
 p - 10 fruits


   Skills:
 - Level 1.1 Fighting
 - Level 1.7 Dodging
 + Level 4.5 Unarmed Combat
 - Level 2.0 Spellcasting
 + Level 3.7 Transmutations


You had one spell level left.
You knew the following spells:

 Your Spells              Type           Power        Failure   Level  Hunger
a - Beastly Appendage     Tmut           ##....       14%         1    #......
b - Sticks to Snakes      Tmut           ##......     21%         2    ###....
c - Spider Form           Tmut/Pois      #.........   52%         3    ###....


Dungeon Overview and Level Annotations

Branches:
Dungeon (3/15)

Altars:


Innate Abilities, Weirdness & Mutations

((Your plain brown scales are hard. (AC +5)))
You cannot fit into any form of body armour.
((You are cold-blooded and may be slowed by cold attacks.))
You possess an exceptional clarity of mind.
Your mind is acute. (Int +2)
You evolve.


Message History

Your transformation is almost over.
* * * LOW HITPOINT WARNING * * *
You feel sick. The kobold hits you.
* * * LOW HITPOINT WARNING * * *
The kobold hits you.
* * * LOW HITPOINT WARNING * * *
It was a potion of haste.
You feel yourself speed up.
* * * LOW HITPOINT WARNING * * *
You feel sick. The kobold closely misses you.
It was a potion of mutation.
You feel extremely strange.
You feel clever.
Your thoughts seem clearer.
You feel nature experimenting on you.
Don't worry, failures die fast.
* * * LOW HITPOINT WARNING * * *
You feel sick.
The kobold looks more healthy.
The kobold completely misses you.
It was a potion of flight.
You feel very buoyant.
You fly up into the air.
* * * LOW HITPOINT WARNING * * *
You feel sick. The kobold hits you.
You die...

..#.#.........#
###.##.####.#.#
###.##.. ...#.#
(...#########.##
......# ##...###
#####.# #....<.#
#.....###...#.# .
#..>..# ##.##(#
#.#.....# ####s#
........# ##..K#
.w.....# #.#...#
..#..#.####.#.#.#
...#.........#...#
.##)###.#...##
#.#.##.###w##.##
.......(w.K.##.#
#.....####..##.#


You could see a kobold.

Vanquished Creatures
  An orc priest (D:3)
  3 adders
  An ooze (D:3)
  2 worms
  A dart slug (D:1)
  3 orcs (D:3)
  5 giant cockroaches
  6 goblins
  8 hobgoblins
  3 jackals (D:1)
  2 kobolds
  3 bats
  4 frilled lizards
  8 rats
50 creatures vanquished.

Vanquished Creatures (collateral kills)
  A kobold (D:3)
1 creature vanquished.

Grand Total: 51 creatures vanquished

Notes
Turn   | Place    | Note
-------+----------+-------------------------------------------
     0 | D:1      | acidapple the Draconian Transmuter began the quest for the Orb.
     0 | D:1      | Reached XP level 1. HP: 16/16 MP: 3/3
   194 | D:1      | Reached XP level 2. HP: 23/23 MP: 5/5
   617 | D:2      | Reached XP level 3. HP: 28/28 MP: 4/6
   672 | D:2      | Learned a level 2 spell: Sticks to Snakes
   676 | D:2      | Learned a level 3 spell: Spider Form
   849 | D:2      | Reached skill level 4 in Unarmed Combat
  1118 | D:3      | Reached XP level 4. HP: 31/35 MP: 3/7
  1585 | D:3      | Gained mutation: Your mind is acute. (Int +2) [potion of mutation]
  1585 | D:3      | Gained mutation: You possess an exceptional clarity of mind. [potion of mutation]
  1585 | D:3      | Gained mutation: You evolve. [potion of mutation]
  1585 | D:3      | HP: 1/35 [poisoned by kobold (curare-tipped needle)]
  1586 | D:3      | Slain by a kobold

Skill      XL: |  1  2  3 |
---------------+----------+-----
Unarmed Combat | 4 |  4.5
Transmutations | 3 |  3.7
Fighting       | |  1.1
Dodging        | |  1.7
Spellcasting   | |  2.0

Action                   |  1- 3 |  4- 6 || total
-------------------------+-------+-------++-------
Melee: Unarmed           |    91 |    51 ||   142
       Headbutt          |     8 |       ||     8
       Tailslap          |     5 |     2 ||     7
 Cast: Beastly Appendage |    15 |     3 ||    18
       Spider Form       |     1 |     3 ||     4
       Sticks to Snakes  |       |     1 ||     1
  Use: Scroll            |     6 |       ||     6
       Potion            |       |     5 ||     5
 Stab: Sleeping          |     1 |       ||     1
  Eat: Chunk             |     1 |     1 ||     2
       Bread ration      |       |     1 ||     1
Armor: Skin              |    40 |    12 ||    52
Dodge: Dodged            |    54 |    44 ||    98
